 Dungeon Sprint DCSS version 0.24.0-37-gcf1ca852f1 (console) character file.

Game seed: 4360707247775436168, levelgen mode: deterministic

914 Morrissey the Cleaver (level 7, -8/71 HPs)
             Began as a Minotaur Fighter on Nov 24, 2019.
             Was the Champion of Makhleb.
             Mangled by Urug
             ... wielding a +6 scimitar of electrocution
              (15 damage)
             ... in the Dungeon (Sprint VII: "The Pits").
             The game lasted 00:02:34 (739 turns).

Morrissey the Cleaver (Minotaur Fighter)             Turns: 739, Time: 00:02:35

Health: -8/71      AC: 15    Str: 22    XL:     7   Next: 82%
Magic:  7/7        EV:  7    Int:  8    God:    Makhleb [******]
Gold:   0          SH: 12    Dex: 13    Spells: 6/6 levels left

rFire    . . .     SeeInvis .   a - +2 war axe (chop)
rCold    . . .     Gourm    .   c - +0 shield
rNeg     . . .     Faith    .   p - +3 chain mail
rPois    .         Spirit   .   (helmet restricted)
rElec    .         Reflect  .   (no cloak)
rCorr    .         Harm     .   v - +0 pair of gloves
MR       .....     NoTele   +   (no boots)
Stlth    ..........             (no amulet)
HPRegen  0.21/turn              s - +3 ring of dexterity
MPRegen  0.10/turn              r - +3 ring of intelligence

@: no status effects
A: retaliatory headbutt, horns 2
a: Minor Destruction, Lesser Servant of Makhleb, Major Destruction, Greater
Servant of Makhleb, Renounce Religion


You were in the Dungeon.
You worshipped Makhleb.
Makhleb was exalted by your worship.
You were not hungry.

You visited 1 branch

Inventory:

Hand Weapons
 a - a +2 war axe of chopping (weapon)
 u - a +0 war axe
Armour
 b - a +0 scale mail
 c - a +0 shield (worn)
 p - a +3 chain mail (worn)
 v - a +0 pair of gloves (worn)
Jewellery
 r - a +3 ring of intelligence (right hand)
 s - a +3 ring of dexterity (left hand)
Scrolls
 k - a scroll of blinking
 m - 3 scrolls of remove curse
 n - 5 scrolls of amnesia
 o - a scroll of summoning
Potions
 d - 4 potions of might
 e - 7 potions of curing
 g - 11 potions of heal wounds
 h - a potion of haste
 i - 4 potions of magic
 j - 2 potions of berserk rage
 l - 2 potions of invisibility
 t - a potion of brilliance
Comestibles
 f - 9 rations
 q - 6 chunks of flesh


   Skills:
 + Level 9.8 Fighting
 * Level 12.7 Axes
 + Level 9.7 Armour
 + Level 9.8 Shields
 + Level 2.6 Invocations


You had 6 spell levels left.
You didn't know any spells.
Your spell library was empty.

Dungeon Overview and Level Annotations

Branches:
Dungeon (1/1)

Altars:
Ashenzari
Cheibriados
Dithmenos
Elyvilon
Fedhas
Gozag
Hepliaklqana
Kikubaaqudgha
Makhleb
Nemelex Xobeh
Okawaru
Qazlal
Ru
Sif Muna
Trog
Uskayaw
Vehumet
Wu Jian
Xom
Yredelemnul
Zin
The Shining One
Beogh
Jiyva
Lugonu

Annotations:
D Prince Ribbit, Urug


Innate Abilities, Weirdness & Mutations

You reflexively headbutt those who attack you in melee.
You have a pair of horns on your head.


Message History

You destroy the necrophage!
Makhleb accepts your kill.
You feel better.
You closely miss Urug. You slash the adder!
You kill the adder!
Makhleb accepts your kill.
You feel better. Urug completely misses you. You furiously retaliate!
You headbutt Urug, but do no damage. You hit Urug.
Urug is lightly wounded.
You closely miss Urug. Your headbutt misses Urug.
Urug is lightly wounded.
Urug hits you with a +6 scimitar of electrocution!
You are electrocuted!!
* * * LOW HITPOINT WARNING * * *
You hit Urug but do no damage. Your headbutt misses Urug.
Urug is lightly wounded.
Urug hits you with a +6 scimitar of electrocution!!
* * * LOW HITPOINT WARNING * * *
You are electrocuted!
You die...

))##.......##''#
))##.......##..#
..##.......##..#
'###...<...##..####
..##.......##..#..###
..##.......##..#....##
####.......##..'.....#
..###########..'.o...+
)############(.'@....#
.#....#!.[[##(.#.†..##
)#....#...[##..#..###
.'....'..))##..####
'#....#..))##..#
.#....#..).##..#
################


You could see Urug.

Vanquished Creatures
  A hellwing (D)
  A shadow (D)
  A floating eye (D)
  A necrophage (D)
  A phantom (D)
  An iron imp (D)
  2 orc priests (D)
  4 orc wizards (D)
  An adder (D)
  A gnoll (D)
  An ufetubus (D)
  6 orcs (D)
  A ball python (D)
  A bat zombie (D)
  A goblin (D)
  A hobgoblin (D)
  A quokka (D)
  2 frilled lizards (D)
  A jackal skeleton (D)
  2 kobolds (D)
  2 rats (D)
33 creatures vanquished.

Notes
Turn   | Place    | Note
-------+----------+-------------------------------------------
     0 | D        | Morrissey the Minotaur Fighter began the quest for the Orb.
     0 | D        | Reached XP level 1. HP: 19/19 MP: 0/0
     8 | D        | Noticed a floating eye
     9 | D        | Paralysed by a floating eye for 2 turns
    14 | D        | Killed a floating eye
    14 | D        | Reached skill level 7 in Axes
    14 | D        | Reached XP level 2. HP: 30/30 MP: 1/1
    14 | D        | Reached XP level 3. HP: 37/37 MP: 2/2
    14 | D        | Reached XP level 4. HP: 44/44 MP: 3/3
    40 | D        | Found a bloodstained altar of Trog.
    40 | D        | Found a shimmering blue altar of Sif Muna.
    40 | D        | Found a viscous altar of Jiyva.
    40 | D        | Found a hazy altar of Hepliaklqana.
    40 | D        | Found an opulent altar of Gozag.
    41 | D        | Found a glowing golden altar of the Shining One.
    41 | D        | Found a glowing silver altar of Zin.
    41 | D        | Found a basalt altar of Yredelemnul.
    41 | D        | Found a shimmering altar of Xom.
    41 | D        | Found an ornate altar of the Wu Jian Council.
    41 | D        | Found a sacrificial altar of Ru.
    41 | D        | Found a stormy altar of Qazlal.
    41 | D        | Found an iron altar of Okawaru.
    41 | D        | Found a sparkling altar of Nemelex Xobeh.
    41 | D        | Found a burning altar of Makhleb.
    41 | D        | Found a blossoming altar of Fedhas.
    41 | D        | Found a white marble altar of Elyvilon.
    41 | D        | Found a shadowy altar of Dithmenos.
    41 | D        | Found a snail-covered altar of Cheibriados.
    43 | D        | Found a corrupted altar of Lugonu.
    43 | D        | Found a radiant altar of Vehumet.
    43 | D        | Found a roughly hewn altar of Beogh.
    44 | D        | Found an ancient bone altar of Kikubaaqudgha.
    44 | D        | Found a hide-covered altar of Uskayaw.
    44 | D        | Found a shattered altar of Ashenzari.
    50 | D        | Became a worshipper of Makhleb the Destroyer
    77 | D        | Reached * piety under Makhleb
    91 | D        | Reached ** piety under Makhleb
    98 | D        | Reached *** piety under Makhleb
    98 | D        | Reached skill level 8 in Axes
    98 | D        | Reached XP level 5. HP: 51/51 MP: 4/4
   169 | D        | Noticed Prince Ribbit
   178 | D        | Noticed a phantom
   186 | D        | Reached skill level 9 in Axes
   187 | D        | Reached **** piety under Makhleb
   198 | D        | Reached XP level 6. HP: 36/60 MP: 5/5
   210 | D        | Reached ***** piety under Makhleb
   222 | D        | Reached skill level 10 in Axes
   322 | D        | Noticed a hellwing
   338 | D        | HP: 3/61 [hellwing (8)]
   352 | D        | Killed a hellwing
   352 | D        | Reached skill level 11 in Axes
   352 | D        | Reached XP level 7. HP: 33/70 MP: 6/6
   594 | D        | Noticed a shadow
   602 | D        | Reached ****** piety under Makhleb
   602 | D        | Reached skill level 12 in Axes
   602 | D        | Reached skill level 1 in Invocations
   604 | D        | Killed a shadow
   729 | D        | Noticed Urug
   739 | D        | Mangled by Urug

Levels and vault maps discovered:
D:        pitsprint [storerooms_1, entrance_room_1, metal_vault_1, armoury_1,
          mini_pit_1, grid_room_1, main_hall_1, silver_pit, the_coven_1,
          the_vestibule_1, steel_vault_5, golden_pit, hallway_of_sentries,
          crystal_vault_6, iron_vault_1, final_vault]

Skill      XL: |  1  2  3  4  5  6  7 |
---------------+----------------------+-----
Fighting       | 6 7 9 |  9.8
Axes           | 7 8 9 11 12 | 12.7
Armour         | 6 7 9 |  9.7
Shields        | 6 7 9 |  9.8
Invocations    | 2 |  2.6

Action                   |  1- 3 |  4- 6 |  7- 9 || total
-------------------------+-------+-------+-------++-------
Melee: War axe           |     4 |    91 |    25 ||   120
       Headbutt          |     1 |     8 |     3 ||    12
  Use: Potion            |       |     2 |       ||     2
Armor: Scale mail        |       |    14 |       ||    14
       Chain mail        |       |    33 |     8 ||    41
Dodge: Dodged            |       |    17 |     7 ||    24
Block: Shield            |       |    54 |    13 ||    67
